 Dungeon Crawl Stone Soup version 0.30-a0-918-g0ff054e9dc (webtiles) character file.

Game seed: 9275915046730829705

30 Sweetruy1997 the Trooper (level 3, -4/29 HPs)
             Began as a Demonspawn Chaos Knight on Mar 14, 2023.
             Was a Plaything of Xom.
             Slain by a black mamba (shapeshifter) (6 damage)
             ... on level 2 of the Dungeon on Mar 21, 2023.
             The game lasted 00:04:46 (1333 turns).

Sweetruy1997 the Trooper (Demonspawn Chaos Knight)  Turns: 1333, Time: 00:04:47

Health: -4/29      AC:  8    Str: 12    XL:     3   Next: 3%
Magic:  0/3        EV: 11    Int: 13    God:    Xom [.*....]
Gold:   56         SH:  0    Dex: 14    Spells: 1/2 levels left

rFire   . . .      SeeInvis .    a - +0 hand axe (chaos)
rCold   . . .      Faith    .    (no shield)
rNeg    . . .      Spirit   .    b - +2 leather armour
rPois   .          Reflect  .    (no helmet)
rElec   .          Rampage  .    (no cloak)
rCorr   .                        (no gloves)
Will    .....                    i - +0 pair of boots
Stlth   +                        g - amulet of regeneration
HPRegen 1.04/turn                (no ring)
MPRegen 0.08/turn                (no ring)

@: attractive
A: yellow scales 1
a: Renounce Religion


You were on level 2 of the Dungeon.
You worshipped Xom.
You were a plaything of Xom.
You visited 1 branch of the dungeon, and saw 2 of its levels.

You collected 56 gold pieces.

Inventory:

Hand Weapons
 a - a +0 hand axe of chaos (weapon)
Armour
 b - a +2 leather armour (worn)
 i - a +0 pair of boots (worn)
Jewellery
 g - an amulet of regeneration (around neck)
Scrolls
 d - a scroll of acquirement {unknown}
 e - a scroll of teleportation {unknown}
 f - a scroll of fog {unknown}
 j - a scroll of identify {unknown}
 k - a scroll of silence {unknown}
Potions
 l - a potion of mutation {unknown}
Miscellaneous
 c - a piece from Xom's chessboard (3/15)


   Skills:
 + Level 3.2 Fighting
 + Level 3.1 Axes
 - Level 2.0 Armour
 - Level 1.0 Dodging
 + Level 0.7 Stealth
 + Level 0.6 Evocations


You had one spell level left.
You knew the following spells:

 Your Spells              Type           Power      Damage    Failure   Level
a - Shock                 Conj/Air       0%         1d3       36%         1

Your spell library contained the following spells:

 Spells                   Type           Power      Damage    Failure   Level
 Swiftness                Air            0%         N/A       75%         3
 Airstrike                Air            0%         2d(0-16)  98%         4


Dungeon Overview and Level Annotations

Branches:
Dungeon (2/15)

Altars:


Innate Abilities, Weirdness & Mutations

You are partially covered in yellow scales. (AC +2)


Message History

l - a sedimented black potion
Things that are here:
a +0 dagger; a goblin corpse An adder comes into view.
The zap hits the adder.
The adder is lightly wounded.
The adder hisses angrily.
The zap misses the adder.
The zap hits the adder.
The adder is moderately wounded.
The adder closely misses you.
You closely miss the adder.
The adder is moderately wounded.
The adder misses you.
You hit the adder.
The adder changes into a shapeshifter!
Xom thinks this is hilarious!
The shapeshifter is lightly wounded.
The shapeshifter changes into a black mamba!
You closely miss the black mamba. The black mamba bites you!
It was a potion of attraction.
You feel attractive to monsters. The black mamba barely misses you.
The black mamba completely misses you.
Cleave: a) +0 hand axe (chaos)
Press: ? - help, Dir - move target, f/p - black mamba
Aim: a black mamba shaped shifter (about 56% to evade your +0 hand axe of chaos)
You hit the black mamba.
The black mamba seems to speed up.
The black mamba is lightly wounded.
The black mamba bites you!
* * * LOW HITPOINT WARNING * * *
The black mamba barely misses you. The black mamba bites you.
* * * LOW HITPOINT WARNING * * *
Cleave: a) +0 hand axe (chaos)
Press: ? - help, Dir - move target, f/p - black mamba
Aim: a black mamba shaped shifter (lightly wounded, fast, about 56% to evade your +0 hand axe of chaos)
You hit the black mamba.
The black mamba is lightly wounded.
The black mamba barely misses you. The black mamba misses you.
The black mamba bites you.
You die...
Xom thinks this is hilarious!

#.......#.##......#
####§#####..)....##.# #
#.§§...# #........#.##.#
#§##.#.###..##.....<...#
#§##..............#.####
#####§####.###..#.#.....#
§§§§§......# #........###
######.##### #.......## #
#.# ###@..### # #.# #S..#
# ####.#### #...#
#.....(.# #...# #
#.##....### #...# #
#.#.......## #...# #
#.#.......>. ..... #
#.#......... ...... #
#...........


You could see a black mamba shaped shifter (fast).

Vanquished Creatures
  An adder (D:2)
  A dart slug (D:2)
  An endoplasm (D:1)
  4 goblins
  2 hobgoblins (D:2)
  A quokka (D:1)
  3 ball pythons
  3 frilled lizards
  3 kobolds
  A rat (D:1)
20 creatures vanquished.

Notes
Turn   | Place    | Note
-------+----------+-------------------------------------------
     0 | D:1      | Sweetruy1997 the Demonspawn Chaos Knight began the quest
                  | for the Orb.
     0 | D:1      | Reached XP level 1. HP: 18/18 MP: 1/1
    58 | D:1      | Reached skill level 1 in Dodging
    86 | D:1      | XOM: smoke on damage
    89 | D:1      | XOM: silly message
    97 | D:1      | XOM: silly message
   194 | D:1      | XOM: silly message
   464 | D:1      | XOM: silly message
   511 | D:1      | XOM: noise
   893 | D:2      | Gained mutation: You are partially covered in yellow
                  | scales. (AC +2) [demonic ancestry]
   893 | D:2      | Reached XP level 2. HP: 24/24 MP: 2/2
   982 | D:2      | Learned a level 1 spell: Shock
  1179 | D:2      | Reached XP level 3. HP: 29/29 MP: 0/3
  1194 | D:2      | XOM: 1-stop teleportation journey
  1195 | D:2      | Upgraded the game from 0.30-a0-881-g1ff12e1e11 to
                  | 0.30-a0-918-g0ff054e9dc
  1202 | D:2      | XOM: cloud trail
  1329 | D:2      | an adder changed into a shapeshifter
  1329 | D:2      | Noticed a shapeshifter (shapeshifter)
  1329 | D:2      | a shapeshifter changed into a black mamba
  1329 | D:2      | Noticed a black mamba (shapeshifter)
  1332 | D:2      | HP: 1/29 [black mamba (shapeshifter) (4)]
  1333 | D:2      | Slain by a black mamba (shapeshifter)

Illustrated notes

Levels and vault maps discovered:
D:1:      spicycebolla_arrival_ecumenical, layout_basic
D:2:      layout_loops_cross, minmay_strange_pillars, grunt_decor_mini_mirrors,
          hangedman_decor_push, hangedman_decor_lopped, uniq_terence

Skill      XL: |  1  2 |
---------------+-------+-----
Dodging        | 1 |  1.0
Armour         | 2 |  2.0
Axes           | 3 |  3.1
Fighting       | |  3.2
Stealth        | |  0.7
Evocations     | |  0.6

Action                     || total
---------------------------++-------
  Melee: Hand axe          ||    59
         Staff             ||    10
         Punch             ||     1
   Cast: Shock             ||     7
  Evoke: Piece from Xom's  ||    14
    Use: Potion            ||     1
   Stab: Petrified         ||     6
         Paralysed         ||     1
 Armour: Leather armour    ||    17
  Dodge: Dodged            ||    41

Table legend: (Time is in decaauts)
 A = Elapsed time spent in this place.
 B = Non-inter-level travel time spent in this place.
 C = Inter-level travel time spent in this place.
 D = Time resting spent in this place.
 E = Time spent auto-exploring this place.
 F = Levels seen in this place.
 G = Mean time per level.
                   A        B        C        D        E       F      G
               +--------+--------+--------+--------+--------+-----+--------+
         Total |   1343 |   1259 |     84 |     62 |    963 |   2 |  671.5 |
       Dungeon |   1343 |   1259 |     84 |     62 |    963 |   2 |  671.5 |
               +--------+--------+--------+--------+--------+-----+--------+

Top non-repeatable levels by time:
     D:1: 902 daAuts
     D:2: 441 daAuts
